 Dungeon Crawl Stone Soup version 0.19.4-9-g45fd643 (webtiles) character file.

53 oplop the Chiller (level 3, -2/23 HPs)
             Began as an Octopode Ice Elementalist on Feb 20, 2017.
             Slain by an orc
             ... wielding a +0 short sword
              (6 damage)
             ... on level 3 of the Dungeon.
             The game lasted 00:02:39 (2501 turns).

oplop the Chiller (Octopode Ice Elementalist)       Turns: 2501, Time: 00:02:41

Health: -2/23      AC:  1    Str: 12    XL:     3   Next: 87%
Magic:  6/7        EV: 13    Int: 18    God:
Gold:   90         SH:  0    Dex: 12    Spells: 1 memorised, 6 levels left

rFire  . . .     SeeInvis .     o - +3 dagger (holy)
rCold  . . .     Gourm    .     (no shield)
rNeg   . . .     Faith    .     (helmet restricted)
rPois  .         Spirit   .     (no amulet)
rElec  .         Reflect  .     e - +5 ring of strength
rCorr  .         Harm     .     (no ring)
MR     .....                    (no ring)
Stlth  +++.......               (no ring)
                                (no ring)
                                (no ring)
                                (no ring)
                                (no ring)

@: no status effects
A: almost no armour, stealthy swim, amphibious, 8 rings, constrict 8, camouflage
1, gelatinous body 1
a: no special abilities


You were on level 3 of the Dungeon.
You were not hungry.

You visited 1 branch of the dungeon, and saw 4 of its levels.

You collected 90 gold pieces.

Inventory:

Hand Weapons
 o - a +3 dagger of holy wrath (weapon)
Jewellery
 e - a +5 ring of strength (left tentacle)
Wands
 l - a wand of paralysis (11/24)
Scrolls
 d - 7 scrolls of identify {unknown}
 f - a scroll of magic mapping {unknown}
 k - a scroll of enchant armour {unknown}
 p - a scroll of remove curse {unknown}
Potions
 c - a potion of curing
 g - a potion of heal wounds {unknown}
 h - a potion of degeneration {unknown}
 m - a potion of agility {unknown}
 n - a potion of ambrosia {unknown}
Books
 a - a book of Frost

   Spells                             Type                      Level
   a - Freeze                         Ice                          1
   b - Throw Frost                    Conjuration/Ice              2
   c - Ozocubu's Armour               Charms/Ice                   3
   d - Throw Icicle                   Conjuration/Ice              4
   e - Summon Ice Beast               Ice/Summoning                4
Comestibles
 b - 2 bread rations
 i - a beef jerky
 j - a meat ration
 q - a chunk of flesh


   Skills:
 + Level 1.4 Fighting
 - Level 2.0 Dodging
 - Level 2.6 Stealth
 * Level 2.7 Spellcasting
   Level 1.0 Conjurations
 * Level 3.7 Ice Magic


You had 6 spell levels left.
You knew the following spells:

 Your Spells              Type           Power        Failure   Level  Hunger
a - Freeze                Ice            ###.         4%          1    None


Dungeon Overview and Level Annotations

Branches:
Dungeon (4/15)
 Temple: D:4-7

Altars:
Elyvilon
Sif Muna
Trog


Innate Abilities, Weirdness & Mutations

You cannot wear most types of armour.
You are very stealthy in the water. (Stealth+)
You are amphibious.
You can wear up to eight rings at the same time.
You can use your tentacles to constrict eight enemies at once.
Your skin changes colour to match your surroundings (Stealth+).
Your rubbery body absorbs attacks. (AC +1, EV +1)


Message History

The orc wizard mumbles some strange words.
The orc wizard flickers and vanishes!
Deactivating autopickup; reactivate with Ctrl-A.
It was a potion of curing.
You feel better. The orc hits you with a short sword.
You see here a leopard gecko skeleton.
There is a stone staircase leading up here.
The orc hits you with a short sword.
* * * LOW HITPOINT WARNING * * *
You climb upwards.
There is a stone staircase leading down here.
Casting: Freeze
Confirm with . or Enter, or press ? or * to list all spells.
Aiming: Freeze
Press: ? - help, Shift-Dir - straight line, f - orc
Aim: an orc, wielding a short sword You freeze the orc.
The orc is severely wounded.
The orc hits you with a short sword.
You die...

#.....#.### #.........#
..##..#...#######
#.........#
####.##.#.#.....#
##.......## #.##.#.......#
##.....##
##.##.###.....###########
##..##.# #.<...#......##
#..###.# #......(......##
##.## #.# #..............#
#..# #.# #....o@........#
..#####.###..............#
...........####..........#
###........# #..........#
##.......# ##...<....##
#.....[.# #..........#
#.....(.# #..........#
#.......# #..........#
######### #..........#


You could see an orc.

Vanquished Creatures
  An adder (D:2)
  A dart slug (D:1)
  3 leopard geckos (D:4)
  An orc (D:4)
  3 giant cockroaches
  3 goblins
  5 hobgoblins
  2 jackals (D:2)
  5 kobolds
  A ball python (D:2)
  5 bats
  3 rats
33 creatures vanquished.

Notes
Turn   | Place    | Note
-------+----------+-------------------------------------------
     0 | D:1      | oplop the Octopode Ice Elementalist began the quest for the Orb.
     0 | D:1      | Reached XP level 1. HP: 11/11 MP: 3/3
   448 | D:1      | Reached XP level 2. HP: 13/18 MP: 5/5
   945 | D:2      | Found a deep blue altar of Sif Muna.
  1326 | D:2      | Found a bloodstained altar of Trog.
  1330 | D:2      | Found a white marble altar of Elyvilon.
  1613 | D:2      | Reached skill level 1 in Fighting
  1613 | D:2      | Reached XP level 3. HP: 13/23 MP: 4/6
  2501 | D:3      | Slain by an orc

Skill      XL: |  1  2 |
---------------+-------+-----
Fighting       | 1 |  1.4
Dodging        | |  2.0
Stealth        | |  2.6
Spellcasting   | |  2.7
Conjurations   | |  1.0
Ice Magic      | |  3.7

Action                   || total
-------------------------++-------
Melee: Unarmed           ||    60
       Constrict         ||    23
       Tentacles         ||    19
       Dagger            ||    16
 Cast: Freeze            ||     7
  Use: Potion            ||     1
 Stab: Sleeping          ||    10
  Eat: Chunk             ||     5
Armor: Skin              ||     7
Dodge: Dodged            ||    41
